 Dungeon Crawl Stone Soup version 0.29.0-4-gdea44cf6ec (webtiles) character file.

Game seed: 4150756692537162287

126 qw the Chopper (level 5, 0/30 HPs)
             Began as a Tengu Warper on Aug 28, 2022.
             Succumbed to a scorpion's poison
             ... on level 3 of the Dungeon.
             The game lasted 00:00:09 (1944 turns).

qw the Chopper (Tengu Warper)                       Turns: 1944, Time: 00:00:10

Health: 0/30       AC:  5    Str: 13    XL:     5   Next: 9%
Magic:  9/9        EV: 13    Int: 13    God:
Gold:   133        SH:  0    Dex: 14    Spells: 8/8 levels left

rFire   . . .      SeeInvis .   Y - +1 hand axe
rCold   . . .      Faith    .   (no shield)
rNeg    . . .      Spirit   .   e - +0 ring mail
rPois   .          Reflect  .   (helmet restricted)
rElec   .          Harm     .   (no cloak)
rCorr   .          Rampage  .   (no gloves)
Will    .....                   (boots unavailable)
Stlth   +.........              (no amulet)
HPRegen 0.10/turn               (no ring)
MPRegen 0.11/turn               (no ring)

@: lethally poisoned (0 -> -3), flying quickly and evasively, quick
A: beak, talons 3, nimble flight
a: no special abilities


You were on level 3 of the Dungeon.
You visited 1 branch of the dungeon, and saw 3 of its levels.

You collected 133 gold pieces.


Innate Abilities, Weirdness & Mutations

You have a beak for a mouth.
You have claws for feet.
Your magical nature lets you fly swiftly and evasively.


   Skills:
 - Level 2.0 Fighting
 + Level 5.6 Axes
 - Level 1.0 Throwing
 - Level 1.1 Armour
 - Level 2.1 Dodging
 - Level 2.0 Spellcasting
 - Level 2.4 Translocations


You had 8 spell levels left.
You didn't know any spells.
Your spell library contained the following spells:

 Spells                   Type           Power      Damage    Failure   Level
 Blink                    Tloc           14%        N/A       30%         2
 Gell's Gravitas          Tloc           7%         N/A       52%         3
 Lesser Beckoning         Tloc           7%         N/A       52%         3
 Teleport Other           Tloc           7%         N/A       52%         3
 Manifold Assault         Tloc           7%         N/A       99%         5

Inventory:

Hand Weapons
 h - a +0 whip
 Y - a +1 hand axe (weapon)
Missiles
 f - 5 boomerangs (quivered)
Armour
 e - a +0 ring mail (worn)
Scrolls
 a - 2 scrolls of identify
Potions
 c - a potion of curing {unknown}

Dungeon Overview and Level Annotations

Branches:
Dungeon (3/15)

Altars:
Yredelemnul


Message History

The orc is severely wounded.
You hit the orc.
You kill the orc!
You hit the scorpion. Your kick misses the scorpion.
The scorpion is lightly wounded.
You barely miss the orc. The orc hits you with a +0 mace.
The scorpion stings you.
You are poisoned.
The scorpion poisons you!
You hit the scorpion.
You punch the scorpion, but do no damage.
The scorpion is moderately wounded.
You hit the orc but do no damage.
You feel very sick. The scorpion stings you. The orc hits you with a +0 mace.
You barely miss the scorpion. Your kick misses the scorpion.
Your peck misses the scorpion.
The scorpion is moderately wounded.
You closely miss the orc.
You feel sick. The scorpion barely misses you.
The orc hits you but does no damage.
You hit the scorpion but do no damage.
The scorpion is moderately wounded.
You hit the orc.
You feel sick. The scorpion closely misses you.
The orc hits you with a +0 mace. The scorpion misses you.
You hit the scorpion.
The scorpion is heavily wounded.
You barely miss the orc.
You feel sick. The orc barely misses you. The scorpion stings you.
You closely miss the scorpion. Your kick misses the scorpion.
Your peck misses the scorpion.
The scorpion is heavily wounded.
You hit the orc.
You kill the orc!
You feel sick. The scorpion stings you.
You hit the scorpion.
You peck the scorpion, but do no damage.
The scorpion is severely wounded.
You die...

##.#.#
#######¤o
##....#
#..o..¤..
####....####.#
.
#....#.......#
..
#.####..######
_# ######.#
#..# ###..
.....#.# ##.#
... ####...#
#..# ##)#
..####.#
#.####@.# #}.#
#.# #.##.s.##
##.# #.#
#.##.### .#.#
#.# #....#
.#.#
#.......###
.#.# #..###.##
##.##..# #.#
#}.# #.# ..##
#.#


You could see a scorpion.

Vanquished Creatures
  A hound (D:3)
  A jelly (D:3)
  An orc wizard (D:3)
  2 orcs (D:3)
  5 endoplasms
  A giant cockroach (D:2)
  2 goblins
  3 hobgoblins
  A jackal (D:2)
  4 quokkas
  4 ball pythons
  4 bats
  2 frilled lizards (D:1)
  6 kobolds
  A rat (D:1)
38 creatures vanquished.

Notes
Turn   | Place    | Note
-------+----------+-------------------------------------------
     0 | D:1      | qw the Tengu Warper began the quest for the Orb.
     0 | D:1      | Reached XP level 1. HP: 12/12 MP: 4/4
     0 | D:1      | 0 ||| qw: Version: 0.1-a-89-g26bdef1
     0 | D:1      | 0 ||| qw: Game counter: 182
     0 | D:1      | 0 ||| qw: Always use a shield: true
     0 | D:1      | 0 ||| qw: God list: Okawaru
     0 | D:1      | 0 ||| qw: Allow faded altars: false
     0 | D:1      | 0 ||| qw: Do Orc after D:15 true
     0 | D:1      | 0 ||| qw: Do second Lair branch before Depths: true
     0 | D:1      | 0 ||| qw: Lair rune preference: random
     0 | D:1      | 0 ||| qw: Plans: Normal
     0 | D:1      | 0 ||| PLANNING D:1-11
   162 | D:1      | Reached XP level 2. HP: 17/17 MP: 6/6
   207 | D:1      | Reached skill level 3 in Axes
   475 | D:1      | 475 ||| Stepping ~*~*~tactically~*~*~ (stealth).
   476 | D:1      | 476 ||| Stepping ~*~*~tactically~*~*~ (stealth).
   934 | D:1      | Found a faded altar of an unknown god.
   948 | D:1      | 948 ||| READING scroll labelled FEOLIF ERIAN.
   949 | D:1      | 949 ||| READING scroll labelled WUFAID BAZENYP.
   950 | D:1      | 950 ||| READING scroll labelled LAWYRECOIT.
   951 | D:1      | 951 ||| READING scroll labelled XOCIDYR BOSO.
   952 | D:1      | 952 ||| DRINKING 2 smoky dark potions.
   953 | D:1      | 953 ||| DROPPING scroll of blinking.
   954 | D:1      | 954 ||| DROPPING potion of magic.
   983 | D:2      | 983 ||| STAIRDANCE
  1098 | D:2      | Reached XP level 3. HP: 21/21 MP: 7/7
  1377 | D:2      | 1377 ||| Stepping ~*~*~tactically~*~*~ (stealth).
  1528 | D:2      | 1528 ||| UPGRADING to +0 ring mail.
  1538 | D:2      | 1538 ||| DROPPING +0 leather armour.
  1539 | D:2      | 1539 ||| READING scroll labelled ZOTEYQ WACOISO.
  1540 | D:2      | 1540 ||| READING scroll labelled TUCALO JURPHYXE.
  1571 | D:3      | Reached skill level 4 in Axes
  1614 | D:3      | Reached XP level 4. HP: 12/26 MP: 8/8
  1802 | D:3      | Reached skill level 5 in Axes
  1802 | D:3      | 1802 ||| FLEEEEING.
  1803 | D:3      | 1803 ||| FLEEEEING.
  1804 | D:3      | 1804 ||| FLEEEEING.
  1806 | D:3      | 1806 ||| FLEEEEING.
  1807 | D:3      | 1807 ||| FLEEEEING.
  1808 | D:3      | 1808 ||| FLEEEEING.
  1811 | D:3      | 1811 ||| FLEEEEING.
  1911 | D:3      | 1911 ||| Stepping ~*~*~tactically~*~*~ (stealth).
  1912 | D:3      | Noticed a scorpion
  1924 | D:3      | Found a basalt altar of Yredelemnul.
  1925 | D:3      | 1925 ||| Stepping ~*~*~tactically~*~*~ (hiding).
  1934 | D:3      | Gained mutation: Your magical nature lets you fly swiftly
                  | and evasively. [Tengu growth]
  1934 | D:3      | Reached XP level 5. HP: 26/30 MP: 9/9
  1941 | D:3      | HP: 7/30 [orc/+0 mace (4)]
  1943 | D:3      | HP: 3/30 [poisoned by a scorpion]
  1943 | D:3      | HP: 1/30 [scorpion (2)]
  1944 | D:3      | Succumbed to a scorpion's poison

Levels and vault maps discovered:
D:1:      heliophobic_arrival_glass_houses, layout_loops_ring,
          shapermc_ecumenical_altar_mp_vishouse
D:2:      layout_basic, minmay_tetromino_o4
D:3:      layout_rooms, overflow_temple_1_default, serial_shops,
          nicolae_square_shop, grunt_ministairs_11, kennysheep_generic_room_7

Skill      XL: |  1  2  3  4 |
---------------+-------------+-----
Axes           | 3 4 5 |  5.6
Fighting       | |  2.0
Throwing       | |  1.0
Armour         | |  1.1
Dodging        | |  2.1
Spellcasting   | |  2.0
Translocations | |  2.4

Action                   |  1- 3 |  4- 6 || total
-------------------------+-------+-------++-------
Melee: Hand axe          |    54 |    21 ||    75
       Peck              |     9 |     3 ||    12
       Kick              |    10 |     5 ||    15
       Punch             |     1 |     1 ||     2
Throw: Boomerang         |    45 |     5 ||    50
  Use: Scroll            |     6 |       ||     6
       Potion            |     1 |       ||     1
Armor: Leather armour    |    20 |       ||    20
       Ring mail         |       |     4 ||     4
Dodge: Dodged            |    54 |     8 ||    62

Table legend:
 A = Non-vault XP
 B = Vault XP
 C = Vault XP percentage of total XP
 D = Non-vault monster count
 E = Vault monster count
 F = Vault count percentage of total count
                 A         B        C        D         E       F
            +---------+---------+-------+---------+---------+-------
      Total |     173 |       7 |   3.9 |      34 |       4 |  10.5
            +---------+---------+-------+---------+---------+-------
        D:1 |      24 |       1 |   4.0 |      17 |       1 |   5.6
        D:2 |      15 |       4 |  21.1 |       9 |       2 |  18.2
        D:3 |     134 |       2 |   1.5 |       8 |       1 |  11.1
            +---------+---------+-------+---------+---------+-------
